 Dungeon Crawl Stone Soup version 0.26-a0-478-g6c97825307 (webtiles) character file.

Game seed: 11094962543066402238

13 rasy the Firebug (level 2, 15/15 HPs)
             Began as a Deep Elf Fire Elementalist on Aug 1, 2020.
             Tarried too long and was consumed by Zot
             ... on level 1 of the Dungeon.
             The game lasted 00:10:36 (6013 turns).

rasy the Firebug (Deep Elf Fire Elementalist)       Turns: 6013, Time: 00:10:37

Health: 15/15      AC:  2    Str:  5    XL:     2   Next: 24%
Magic:  8/8        EV: 11    Int: 19    God:
Gold:   25         SH:  0    Dex: 15    Spells: 6/7 levels left

rFire    . . .     SeeInvis .   (no weapon)
rCold    . . .     Faith    .   (no shield)
rNeg     . . .     Spirit   .   a - +0 robe
rPois    .         Reflect  .   (no helmet)
rElec    .         Harm     .   (no cloak)
rCorr    .                      (no gloves)
MR       .....                  (no boots)
Stlth    +.........             (no amulet)
HPRegen  0.05/turn              (no ring)
MPRegen  0.11/turn              (no ring)

@: very heavily drained, bezotted
A: no striking features
a: no special abilities


You were on level 1 of the Dungeon.
You visited 1 branch of the dungeon, and saw 1 of its levels.

You collected 25 gold pieces.

Inventory:

Armour
 a - a +0 robe (worn)
Scrolls
 c - a scroll of remove curse {unknown}
 d - a scroll of teleportation
Potions
 b - 2 potions of heal wounds {unknown}


   Skills:
 + Level 2.7(0.0) Dodging
 + Level 2.7(0.0) Stealth
 + Level 3.2(0.0) Spellcasting
 + Level 1.2(0.0) Conjurations
 + Level 3.5(0.0) Fire Magic


You had 6 spell levels left.
You knew the following spells:

 Your Spells              Type           Power        Failure   Level
a - Foxfire               Conj/Fire      #...         21%         1

Your spell library contained the following spells:

 Spells                   Type           Power        Failure   Level
 Conjure Flame            Conj/Fire      #.......     52%         3
 Inner Flame              Hex/Fire       #.......     52%         3
 Sticky Flame             Conj/Fire      #.......     90%         4
 Fireball                 Conj/Fire      #.........   99%         5


Dungeon Overview and Level Annotations

Branches:
Dungeon (1/15)

Altars:


Message History

You start waiting.
Zot draws near...
You feel drained.
You start waiting.
You start waiting.
You start waiting.
Zot draws near...
You feel drained.
You start waiting.
You start waiting.
You start waiting.
You start waiting.
Zot draws near...
You feel drained.
You start waiting.
You start waiting.
You start waiting.
Zot draws near...
You feel drained.
You start waiting.
You start waiting.
You start waiting.
Zot has found you!
You die...

#.# #.. #.# #.#
####.############.###
###........#...........
....ยง...##.#.######.##.
###.##.[##.............
# #..####.#.........
#........#####.#..
#@.####### ##### #...#
....# ### .....# #..
####..# +.. ...# #..
#..# ### ...


There were no monsters in sight!

Vanquished Creatures
  A leopard gecko (D:1)
  2 bats (D:1)
  A hobgoblin (D:1)
  4 jackals (D:1)
  A kobold (D:1)
9 creatures vanquished.

Vanquished Creatures (others)
  17 foxfires (D:1)
17 creatures vanquished.

Grand Total: 26 creatures vanquished

Notes
Turn   | Place    | Note
-------+----------+-------------------------------------------
     0 | D:1      | rasy the Deep Elf Fire Elementalist began the quest for the
                  | Orb.
     0 | D:1      | Reached XP level 1. HP: 10/10 MP: 6/6
   135 | D:1      | Reached XP level 2. HP: 13/15 MP: 0/8
  5515 | D:1      | Touched by the power of Zot.
  5607 | D:1      | Touched by the power of Zot.
  5705 | D:1      | Touched by the power of Zot.
  5804 | D:1      | Touched by the power of Zot.
  5907 | D:1      | Touched by the power of Zot.
  6013 | D:1      | Tarried too long and was consumed by Zot

Illustrated notes

Levels and vault maps discovered:
D:1:      dpeg_arrival_erosion, layout_loops_ring

Action                   || total
-------------------------++-------
Melee: Unarmed           ||     7
 Cast: Foxfire           ||    16
  Use: Scroll            ||     1
Armor: Robe              ||    10
Dodge: Dodged            ||    57

Table legend: (Time is in decaauts)
 A = Elapsed time spent in this place.
 B = Non-inter-level travel time spent in this place.
 C = Inter-level travel time spent in this place.
 D = Time resting spent in this place.
 E = Time spent auto-exploring this place.
 F = Levels seen in this place.
 G = Mean time per level.
                   A        B        C        D        E       F      G
               +--------+--------+--------+--------+--------+-----+--------+
         Total |   6013 |   6006 |      7 |   5742 |      0 |   1 | 6013.0 |
       Dungeon |   6013 |   6006 |      7 |   5742 |      0 |   1 | 6013.0 |
               +--------+--------+--------+--------+--------+-----+--------+

Top non-repeatable levels by time:
     D:1: 6013 daAuts
